 Dungeon Crawl Stone Soup version 0.19-a0-1803-g97ff39f (webtiles) character file.

39375 Geomchi the Unseen (level 13, -11/55 HPs)
             Began as a Spriggan Enchanter on Oct 4, 2016.
             Was the Champion of Dithmenos.
             Mangled by a merfolk impaler (15 damage)
             ... on level 1 of the Shoals on Oct 5, 2016.
             The game lasted 01:00:03 (22787 turns).

Geomchi the Unseen (Spriggan Enchanter)            Turns: 22787, Time: 01:00:03

Health: -11/55     AC: 10    Str:  4    XL:     13   Next: 68%
Magic:  10/24      EV: 27    Int: 20    God:    Dithmenos [******]
Gold:   1545       SH:  0    Dex: 22    Spells: 6 memorised, 13 levels left

rFire  + . .     SeeInvis +     A - +2 dagger (venom)
rCold  . . .     Gourm    .     X - +3 robe "Dohydy" {rF+}
rNeg   . . .     Faith    .     (shield restricted)
rPois  .         Spirit   .     M - +0 hat
rElec  .         Dismiss  .     (no cloak)
rCorr  .         Reflect  .     (gloves unavailable)
MR     ++...     Harm     .     (boots unavailable)
Stlth  ++++++++++               m - amulet of inaccuracy
                                R - ring of the Scavenger {Dex+4 Stlth+}
                                w - +5 ring of protection

@: wreathed by umbra, very quick
A: unfitting armour, see invisible, herbivore 3, speed 3, slow metabolism 2
a: Shadow Step, Shadow Form, Renounce Religion


You were on level 1 of the Shoals.
You worshipped Dithmenos.
Dithmenos was exalted by your worship.
You were hungry.

You visited 5 branches of the dungeon, and saw 20 of its levels.

You collected 1545 gold pieces.

Inventory:

Hand Weapons
 A - a +2 dagger of venom (weapon)
Armour
 v - a +0 buckler
 M - a +0 hat (worn)
 X - the +3 robe "Dohydy" (worn) {rF+}
   (You found it on level 5 of the Lair of Beasts)

   It protects you from fire.
Jewellery
 m - an amulet of inaccuracy (around neck)
 w - a +5 ring of protection (left hand)
 D - a +3 ring of intelligence
 R - the ring of the Scavenger (right hand) {Dex+4 Stlth+}
   (You found it on level 3 of the Lair of Beasts)

   [ring of stealth]

   It affects your dexterity (+4).
   It makes you more stealthy.
Wands
 y - a wand of iceblast (5/15)
 C - a wand of slowing (17/48)
 J - a wand of acid (2/15)
 L - a wand of slowing (25/48)
 U - a wand of acid (7/15)
 W - a wand of digging (16/24)
Scrolls
 f - 3 scrolls of remove curse
 i - 2 scrolls of amnesia
 j - 4 scrolls of enchant weapon
 l - 2 scrolls of teleportation
 n - 7 scrolls of recharging {unknown}
 r - 5 scrolls of enchant armour {unknown}
 s - 2 scrolls of noise {unknown}
 t - 5 scrolls of magic mapping {unknown}
 x - 4 scrolls of immolation {unknown}
 K - a scroll of silence {unknown}
 N - a scroll of holy word {unknown}
 Q - 2 scrolls of fog {unknown}
 V - a scroll of random uselessness {unknown}
Potions
 a - 2 potions of invisibility
 e - 3 potions of agility
 o - 4 potions of brilliance
 p - 3 potions of heal wounds
 q - 8 potions of curing
 u - 3 potions of haste
 z - 3 potions of lignification
 B - 2 potions of resistance
 E - a potion of might {unknown}
 G - a potion of cancellation {unknown}
 H - 2 potions of beneficial mutation {unknown}
 I - a potion of cure mutation {unknown}
 P - a potion of degeneration {unknown}
Books
 c - a book of Maledictions

   Spells                             Type                      Level
   a - Corona                         Hexes                        1
   b - Ensorcelled Hibernation        Hexes/Ice                    2
   c - Confuse                        Hexes                        3
   d - Tukima's Dance                 Hexes                        3
   e - Dazzling Spray                 Conjuration/Hexes            3
 F - a book of Battle

   Spells                             Type                      Level
   a - Infusion                       Charms                       1
   b - Shroud of Golubria             Charms/Translocation         2
   c - Song of Slaying                Charms                       2
   d - Spectral Weapon                Hexes/Charms                 3
   e - Regeneration                   Charms/Necromancy            3
 S - a book of Cantrips

   Spells                             Type                      Level
   a - Confusing Touch                Hexes                        1
   b - Animate Skeleton               Necromancy                   1
   c - Summon Small Mammal            Summoning                    1
   d - Apportation                    Translocation                1
Comestibles
 d - 4 bread rations {@e1}
 g - 7 royal jellies
 T - 2 fruits


   Skills:
 + Level 13.9 Short Blades
 * Level 9.1 Dodging
 + Level 20.6 Stealth
 + Level 7.0 Spellcasting
 - Level 13.6 Hexes


You had 13 spell levels left.
You knew the following spells:

 Your Spells              Type           Power        Failure   Level  Hunger
a - Corona                Hex            ######.      1%          1    None
b - Ensorcelled Hibernat  Hex/Ice        ####..       1%          2    None
c - Confuse               Hex            ######..     1%          3    #......
d - Tukima's Dance        Hex            ######..     1%          3    #......
e - Apportation           Tloc           #.........   12%         1    None
f - Spectral Weapon       Hex/Chrm       ####....     1%          3    #......


Dungeon Overview and Level Annotations

Branches:
Dungeon (10/15)            Temple (1/1) D:7            Lair (6/6) D:10
 Shoals (1/4) Lair:4       Spider (0/4) Lair:2        Slime (0/5) Lair:6
    Orc (2/2) D:10            Elf (0/3) Orc:2

Altars:
Ashenzari
Cheibriados
Dithmenos
Elyvilon
Fedhas
Gozag
Hepliaklqana
Kikubaaqudgha
Makhleb
Nemelex Xobeh
Okawaru
Qazlal
Ru
Sif Muna
Trog
Uskayaw
Vehumet
Xom
Yredelemnul
Zin
The Shining One
Beogh

Shops:
D:5 :   D:6 :   D:7 [   D:8 =

Annotations:
Lair:1 exclusions: 2 electric eels, spiny frog and 2 more exclusions


Innate Abilities, Weirdness & Mutations

You are very small and have problems with some larger weapons.
You are too small for most types of armour.
You have supernaturally acute eyesight. (SInv)
You are a herbivore.
You cover ground extremely quickly.
You need consume almost no food.


Message History

You hear a splash.
The merfolk impaler completely misses you.
You now have 14/24 mp.
Aim: a merfolk, wielding a trident (confused, umbra, chance to defeat MR: 45%)
The merfolk resists with some effort.
Your shadow mimicks your spell!
The merfolk looks drowsy...
The merfolk impaler misses you. The harpy closely misses you.
The harpy completely misses you.
The merfolk impaler completely misses you.
You now have 12/24 mp.
Aim: a merfolk impaler, wearing a robe (heavily wounded, umbra, not susceptible)
The merfolk impaler is unaffected.
The harpy completely misses you. The harpy barely misses you.
The harpy completely misses you. The harpy closely misses you.
The harpy misses you. The harpy barely misses you. The harpy claws you!
* * * LOW HITPOINT WARNING * * *
The harpy claws you.
* * * LOW HITPOINT WARNING * * *
The merfolk impaler hits you!
You die...

..≈≈≈≈≈ .≈≈≈≈≈≈ ≈≈≈≈≈≈≈≈≈
..≈ .≈≈≈≈≈H≈≈≈ ##..≈
..≈≈≈≈≈≈≈.. ..≈≈≈
..≈≈≈≈≈≈≈.## #.≈≈≈≈ ..
#.≈≈≈≈≈≈...###.≈≈≈≈≈≈≈≈
≈≈≈##..≈≈c≈...m@...≈≈≈≈≈≈≈≈
≈≈≈....≈≈≈≈..≈HH....≈≈≈≈≈≈≈
≈≈≈≈≈≈..≈≈≈≈≈(≈≈....≈≈≈≈≈≈≈
≈≈≈≈≈≈..≈≈≈≈≈≈≈≈≈....≈≈≈≈≈≈
.≈≈≈≈≈..≈≈..≈≈≈m.###.≈≈≈≈.≈
.≈≈≈≈≈≈≈≈...≈≈≈≈≈##..≈≈≈..≈
≈≈≈≈.≈≈≈....≈≈≈≈≈.......≈≈≈
.≈≈≈≈≈≈.###.≈≈≈≈≈......≈≈≈≈
.≈≈≈≈≈≈(# ##..≈≈.##....≈≈≈≈


You could see a merfolk impaler, a manticore, a siren, 2 harpies and a centaur.

Vanquished Creatures
  Gastronok (Lair:2)
  5 hydras
  The ghost of Cirk the Basher, a novice OgHu of Qazlal (D:7)
  Sonja (D:10)
  A sea snake (Lair:4)
  3 orc knights (Orc:1)
  2 harpies (Lair:4)
  An orc sorcerer (Orc:1)
  A faun (Lair:4)
  A guardian serpent (Lair:6)
  A torpor snail (Lair:5)
  4 black mambas
  A siren (Lair:4)
  8 spiny frogs
  2 rime drakes
  4 komodo dragons
  2 ice devils (Lair:2)
  A merfolk (Lair:4)
  5 trolls
  A polar bear (Lair:6)
  A queen bee (D:10)
  2 jumping spiders (Lair:2)
  A two-headed ogre (Orc:1)
  A hornet (Lair:6)
  4 hippogriffs
  A slime creature (Lair:6)
  11 blink frogs
  A wraith (D:10)
  Sigmund (D:4)
  5 wyverns
  2 redbacks (Lair:2)
  3 fire bats (Orc:1)
  34 yaks
  2 basilisks
  4 wargs
  A hungry ghost (D:9)
  9 water moccasins
  11 porcupines
  A hornet zombie (D:9)
  15 orc warriors
  An ice beast (D:6)
  7 ogres
  A sky beast (D:10)
  9 wolves
  10 crocodiles
  2 big kobolds
  12 bullfrogs
  3 scorpions
  22 killer bees
  2 electric eels
  4 crimson imps
  A bullfrog zombie (D:8)
  A centaur zombie (D:9)
  5 jellies
  17 orc wizards
  A gnoll shaman (D:6)
  9 orc priests
  3 bullfrog skeletons
  6 hounds
  2 iguanas
  10 worker ants
  2 hound zombies
  A howler monkey zombie (D:7)
  A worker ant zombie (D:5)
  3 gnolls (D:6)
  12 adders
  34 river rats
  An ooze (D:3)
  3 worms (D:2)
  2 adder skeletons
  4 leopard geckos
  87 orcs
  8 giant cockroaches
  4 goblins
  15 hobgoblins
  7 jackals
  16 kobolds
  3 quokkas
  5 bats
  3 frilled lizards
  A jackal skeleton (D:4)
  2 quokka skeletons
  2 quokka zombies
  8 rats
  A plant (Lair:6)
509 creatures vanquished.

Vanquished Creatures (collateral kills)
  2 orc warriors
2 creatures vanquished.

Vanquished Creatures (others)
  2 dancing weapons
  A bush (Lair:6)
  24 fungi
  23 plants (Lair:6)
  A spectral weapon (Shoals:1)
51 creatures vanquished.

Grand Total: 562 creatures vanquished

Notes
Turn   | Place    | Note
-------+----------+-------------------------------------------
     0 | D:1      | Geomchi the Spriggan Enchanter began the quest for the Orb.
     0 | D:1      | Reached XP level 1. HP: 9/9 MP: 5/5
   888 | D:1      | Reached XP level 2. HP: 11/13 MP: 6/6
  1499 | D:1      | Learned a level 2 spell: Ensorcelled Hibernation
  1595 | D:1      | Reached skill level 5 in Stealth
  2139 | D:2      | Reached XP level 3. HP: 16/16 MP: 5/8
  2223 | D:2      | Learned a level 3 spell: Confuse
  2633 | D:2      | Found a stormy altar of Qazlal.
  2907 | D:2      | Reached skill level 6 in Stealth
  3191 | D:3      | Reached XP level 4. HP: 21/21 MP: 9/9
  3725 | D:4      | Got a warped rapier
  3778 | D:4      | Reached skill level 7 in Stealth
  3778 | D:4      | Reached XP level 5. HP: 19/24 MP: 7/10
  3900 | D:4      | Reached skill level 5 in Hexes
  3979 | D:4      | Noticed Sigmund
  3983 | D:4      | Killed Sigmund
  3983 | D:4      | Reached skill level 8 in Stealth
  3983 | D:4      | Reached XP level 6. HP: 28/28 MP: 11/11
  4695 | D:4      | Found a snail-covered altar of Cheibriados.
  5008 | D:5      | Entered Level 5 of the Dungeon
  5022 | D:5      | Found Cude's Book Emporium.
  5107 | D:5      | Reached skill level 9 in Stealth
  5825 | D:5      | Reached XP level 7. HP: 32/32 MP: 8/13
  5903 | D:6      | Learned a level 3 spell: Tukima's Dance
  5981 | D:6      | Found Dasalo's Book Shop.
  6145 | D:6      | Found a sparkling altar of Nemelex Xobeh.
  6367 | D:6      | Reached skill level 10 in Stealth
  6492 | D:6      | Found an opulent altar of Gozag.
  6492 | D:6      | Found a shimmering altar of Xom.
  6501 | D:6      | Found a hide-covered altar of Uskayaw.
  6519 | D:6      | Reached XP level 8. HP: 36/36 MP: 13/16
  6565 | D:6      | Reached skill level 5 in Spellcasting
  6672 | D:7      | Noticed a hippogriff
  6721 | D:7      | Found Geanoiq's Armour Shoppe.
  6731 | D:7      | Noticed Cirk's ghost (novice OgHu)
  6750 | D:7      | Reached skill level 11 in Stealth
  6841 | D:7      | Found a staircase to the Ecumenical Temple.
  6850 | Temple   | Entered the Ecumenical Temple
  6966 | Temple   | Became a worshipper of Dithmenos the Shadowed
  7294 | D:7      | Reached skill level 5 in Short Blades
  7355 | D:7      | Killed a hippogriff
  7455 | D:7      | Reached skill level 12 in Stealth
  8083 | D:7      | Killed Cirk's ghost
  8083 | D:7      | Reached skill level 13 in Stealth
  8083 | D:7      | Reached XP level 9. HP: 39/39 MP: 12/17
  8272 | D:8      | Found a radiant altar of Vehumet.
  8328 | D:8      | Reached * piety under Dithmenos
  9407 | D:8      | Found Kieng's Jewellery Emporium.
  9434 | D:8      | Reached skill level 14 in Stealth
  9924 | D:9      | Found a bloodstained altar of Trog.
 10035 | D:9      | Reached skill level 15 in Stealth
 10037 | D:9      | Reached XP level 10. HP: 44/44 MP: 15/18
 10108 | D:9      | Reached ** piety under Dithmenos
 10190 | D:10     | Entered Level 10 of the Dungeon
 10553 | D:10     | Noticed Sonja
 10560 | D:10     | Killed Sonja
 10560 | D:10     | Reached skill level 16 in Stealth
 10675 | D:10     | Found a staircase to the Orcish Mines.
 11434 | D:10     | Reached skill level 10 in Short Blades
 11449 | D:10     | Found a staircase to the Lair.
 11483 | D:10     | Reached *** piety under Dithmenos
 11660 | Lair:1   | Entered Level 1 of the Lair of Beasts
 11849 | Orc:1    | Entered Level 1 of the Orcish Mines
 11944 | Orc:2    | Entered Level 2 of the Orcish Mines
 11944 | Orc:2    | Found a roughly hewn altar of Beogh.
 11948 | Orc:2    | Reached XP level 11. HP: 47/47 MP: 22/22
 12066 | Orc:2    | Noticed an orc sorcerer
 12299 | D:10     | Reached **** piety under Dithmenos
 12322 | Lair:1   | Reached skill level 17 in Stealth
 12884 | Lair:1   | Found an ancient bone altar of Kikubaaqudgha.
 12910 | Lair:1   | Reached skill level 10 in Hexes
 14245 | Lair:2   | Noticed Gastronok
 14263 | Lair:2   | Killed Gastronok
 14263 | Lair:2   | Reached skill level 18 in Stealth
 14464 | Lair:2   | Found an ancient bone altar of Kikubaaqudgha.
 14912 | Lair:2   | Found a frozen archway.
 14918 | Lair:2   | Reached XP level 12. HP: 51/51 MP: 23/23
 15003 | Lair:2   | Found a hole to the Spider Nest.
 15193 | Lair:2   | Noticed a four-headed hydra
 15951 | Lair:3   | Got an ancient platinum ring
 15953 | Lair:3   | Identified the ring of the Scavenger {Dex+4 Stlth+} (You found it on level 3 of the Lair of Beasts)
 15966 | Lair:3   | Reached skill level 19 in Stealth
 15969 | Lair:3   | Reached ***** piety under Dithmenos
 16143 | Lair:4   | Found a staircase to the Shoals.
 16176 | Lair:4   | Found a labyrinth entrance.
 16200 | Lair:4   | Found a white marble altar of Elyvilon.
 16370 | Lair:4   | Noticed a five-headed hydra
 16388 | Lair:4   | Killed a five-headed hydra
 16907 | Lair:5   | Noticed a seven-headed hydra
 16909 | Lair:5   | Killed a seven-headed hydra
 16910 | Lair:5   | Noticed a four-headed hydra
 16932 | Lair:5   | Killed a four-headed hydra
 17316 | Lair:5   | Noticed an eight-headed hydra
 17323 | Lair:5   | Killed an eight-headed hydra
 17364 | Lair:5   | Noticed a four-headed hydra
 17371 | Lair:5   | Killed a four-headed hydra
 17613 | Lair:5   | Reached skill level 20 in Stealth
 17634 | Lair:5   | Reached XP level 13. HP: 55/55 MP: 9/24
 17642 | Lair:5   | Got an ichor-stained robe
 17653 | Lair:5   | Identified the +3 robe "Dohydy" {rF+} (You found it on level 5 of the Lair of Beasts)
 17888 | Lair:6   | Entered Level 6 of the Lair of Beasts
 18444 | Lair:6   | Found a staircase to the Slime Pits.
 18676 | Lair:6   | Reached skill level 5 in Dodging
 20067 | Orc:2    | Identified the cursed +1 rapier "Muixtes" {drain, +Inv rF+ rN+ Dex-5} (You found it on level 4 of the Dungeon)
 20230 | Orc:2    | Found a staircase to the Elven Halls.
 20302 | Orc:1    | Reached ****** piety under Dithmenos
 21096 | Orc:1    | Upgraded the game from 0.19-a0-1790-g026f1ef to 0.19-a0-1803-g97ff39f
 21098 | Orc:1    | Learned a level 1 spell: Apportation
 21954 | Shoals:1 | Entered Level 1 of the Shoals
 22509 | Shoals:1 | Noticed a merfolk impaler
 22778 | Lair:4   | Learned a level 3 spell: Spectral Weapon
 22787 | Shoals:1 | Mangled by a merfolk impaler

Vault maps used:
D:1:      dpeg_arrival_concentric_ovals
D:2:      marbit_many_paths
D:3:      lemuel_another_geyser
D:4:      lemuel_doored_altar, first_bread, uniq_sigmund
D:5:      serial_shops, shop
D:6:      old_standard_altar, gammafunk_temple_overflow_wave, serial_shops,
          shop, nemelex_altar_shiori
D:7:      serial_shops, shop
D:8:      basic_altar, serial_shops, nicolae_shop_competitors_out_of_business
D:9:      old_standard_altar
D:10:     dpeg_lair_monsters, hiddenorc1_lemuel, david_nohive_1, st_stairs_4,
          uniq_sonja
Temple:   regret_index_temple_waves
Lair:1:   beast_lair_carwin_large_4, basic_altar, serial_bayou_shore_a
Lair:2:   spider_nest_entry_funnel_web, portal_ice_cave_demonic_guard,
          basic_altar, uniq_gastronok
Lair:4:   minmay_shoals_entry_lonely_mermaid, basic_altar, lab_entry_generic,
          grunt_megastairs_4
Lair:5:   serial_bayou, serial_bayou_pond_c, serial_bayou_shore_b,
          serial_bayou_lagoon_b, serial_bayou_shore_b, serial_bayou_pond_a
Lair:6:   hangedman_lair_tendril_chambers, guppyfry_lair_end_dragon,
          minmay_slime_entry_pillars, nicolae_volcano_entry_batcave,
          serial_bayou_shore_b, infiniplex_staircase_pool, serial_bayou_shore_b,
          uniq_kirke
Orc:1:    cheibrodos_orc_bank, nicolae_orc_lava_tube
Orc:2:    st_orc_pillars, basic_altar, minmay_orc_barracks

Skill      XL: |  1  2  3  4  5  6  7  8  9 10 11 12 13 |
---------------+----------------------------------------+-----
Hexes          | 4 5 6 7 9 11 12 13 | 13.6
Stealth        | 5 6 7 8 9 10 13 15 16 18 20 | 20.6
Short Blades   | 2 3 4 7 8 10 11 13 | 13.9
Spellcasting   | 3 4 5 6 7 |  7.0
Dodging        | 9 |  9.1

Action                   |  1- 3 |  4- 6 |  7- 9 | 10-12 | 13-15 || total
-------------------------+-------+-------+-------+-------+-------++-------
Melee: Dagger            |   187 |    78 |   342 |   383 |   362 ||  1352
 Cast: Corona            |     5 |       |     1 |     7 |       ||    13
       Ensorcelled Hiber |    17 |    22 |    73 |   139 |   116 ||   367
       Confuse           |     1 |     1 |    13 |    20 |    26 ||    61
       Tukima's Dance    |       |       |     2 |       |     5 ||     7
       Spectral Weapon   |       |       |       |       |     1 ||     1
Evoke: Wand              |       |       |       |     2 |       ||     2
  Use: Scroll            |       |       |       |    10 |     5 ||    15
       Potion            |       |       |       |     1 |     1 ||     2
 Stab: Sleeping          |    22 |    29 |    55 |   165 |    82 ||   353
       Distracted        |     2 |       |     6 |     5 |     5 ||    18
       Confused          |     1 |     2 |    11 |    12 |    13 ||    39
  Eat: Pizza             |       |     1 |       |       |       ||     1
       Bread ration      |       |     1 |     1 |     1 |       ||     3
       Fruit             |       |       |       |       |     2 ||     2
Armor: Robe              |    32 |     7 |    41 |    24 |    25 ||   129
Dodge: Dodged            |   154 |    47 |   192 |   221 |   300 ||   914
Block: Buckler           |       |       |       |    32 |    84 ||   116
